 Dungeon Crawl Stone Soup version 0.25.1-2-g60ff931df9 (webtiles) character file.

Game seed: 10139740155409247661

2335 selver the Spear-Bearer (level 9, 0/75 HPs)
             Began as a Merfolk Gladiator on Oct 16, 2020.
             Was a Follower of Fedhas.
             Slain by a hellwing (9 damage)
             ... on level 6 of the Dungeon.
             The game lasted 00:33:16 (6184 turns).

selver the Spear-Bearer (Merfolk Gladiator)         Turns: 6184, Time: 00:33:17

Health: 0/75       AC: 15    Str: 16    XL:     9   Next: 42%
Magic:  9/9        EV:  6    Int:  9    God:    Fedhas [*.....]
Gold:   335        SH:  0    Dex: 21    Spells: 8/8 levels left

rFire    + . .     SeeInvis .   a - +1 trident
rCold    . . .     Gourm    .   (no shield)
rNeg     . . .     Faith    +   u - +1 plate armour (curse)
rPois    .         Spirit   .   h - +2 helmet
rElec    .         Reflect  .   (no cloak)
rCorr    .         Harm     .   x - +0 pair of gloves
MR       .....                  (no boots)
Stlth    ..........             q - amulet of faith (curse)
HPRegen  0.22/turn              c - +6 ring of dexterity
MPRegen  0.11/turn              w - ring of protection from fire

@: no status effects
A: change form in water, swift swim, stealthy swim
a: Renounce Religion


You were on level 6 of the Dungeon.
You worshipped Fedhas.
Fedhas was aware of your devotion.
You were hungry.

You visited 2 branches of the dungeon, and saw 8 of its levels.

You collected 335 gold pieces.

Inventory:

Hand Weapons
 a - a +1 trident (weapon)
 b - a +0 hunting sling
Missiles
 d - 3 throwing nets
 o - 221 stones (quivered)
Armour
 e - the +1 ring mail of the Abyss {Harm rF+ Regen+ Int+2}
   (You found it on level 4 of the Dungeon)

   It affects your intelligence (+2).
   It protects you from fire.
   It increases your rate of regeneration.
   It increases damage dealt and taken.
 h - a +2 helmet (worn)
 j - a +0 ring mail
 u - a cursed +1 plate armour (worn)
 x - a +0 pair of gloves (worn)
Jewellery
 c - a +6 ring of dexterity (left hand)
 n - an uncursed ring of protection from cold
 q - a cursed amulet of faith (around neck)
 w - a ring of protection from fire (right hand)
 A - an uncursed amulet of regeneration {unknown}
Scrolls
 g - 2 scrolls of enchant weapon
 r - a scroll of immolation
Potions
 f - 2 potions of flight
 i - 2 potions of resistance
 m - a potion of stabbing
 s - 2 potions of mutation
 v - 2 potions of brilliance
Comestibles
 l - 5 rations


   Skills:
 + Level 8.4 Fighting
 - Level 14.0 Polearms
 - Level 2.0 Throwing
 - Level 4.0 Dodging


You had 8 spell levels left.
You didn't know any spells.
Your spell library was empty.

Dungeon Overview and Level Annotations

Branches:
Dungeon (7/15)             Temple (1/1) D:6

Altars:
Cheibriados
Dithmenos
Elyvilon
Fedhas
Gozag
Kikubaaqudgha
Nemelex Xobeh
Qazlal
Trog
Vehumet
Wu Jian
Xom

Shops:
D:4 (

Annotations:
D:2 Crazy Yiuf


Message History

You closely miss the hellwing.
The hellwing is almost dead.
The hellwing hits you but does no damage.
The hellwing hits you!
* * * LOW HITPOINT WARNING * * *
The hellwing swoops through the air toward you!
The hellwing hits you but does no damage.
The hellwing hits you.
* * * LOW HITPOINT WARNING * * *
There is a stone staircase leading up here.
The hellwing barely misses you. The hellwing hits you.
* * * LOW HITPOINT WARNING * * *
You climb upwards.
There is a stone staircase leading down here.
Okay, then.
You are feeling hungry.
The hellwing swoops through the air toward you!
The hellwing hits you!
You die...
Fedhas appreciates your contribution to the ecosystem.

..##.###..##.......##.#..# #≈≈≈≈.
.....# #......##.#.......# #..≈.≈
.###.###...##....#...##..###.≈≈≈≈
.# #............)........##..≈≈≈≈
.# #.#.#####...##[..##...##..≈≈≈≈
.###.........#....).##..###..≈≈≈≈
..####.#####...#.............≈≈≈≈
#......# ##.##4###########≈.≈≈≈
..###### #.##@# #.≈≈≈≈ .## #.##>#
#####≈≈≈≈ .# #[##<# ###≈≈≈≈≈.≈≈
.# #.##.# #≈≈≈≈≈≈≈≈≈≈
.############.##.# ###≈≈≈≈≈≈≈.
.##.........#.##.### ##≈≈≈≈≈.[
.##.##.............# ######≈##
.......####.######.# #.# #.###
###.#### #.# #.######.# #....


You could see a hellwing.

Vanquished Creatures
  A harpy skeleton (D:7)
  Sigmund (D:2)
  An ice beast (D:7)
  2 sky beasts (D:6)
  A phantom (D:7)
  A centaur (D:6)
  A wyvern skeleton (D:7)
  A scorpion (D:4)
  A bullfrog zombie (D:6)
  4 centaur zombies
  2 crimson imps
  A gnoll shaman (D:6)
  2 orc wizards (D:4)
  An orc priest (D:3)
  A hound (D:4)
  An iguana (D:5)
  4 worker ants
  Natasha (thrice) (D:2)
  6 gnolls
  9 adders
  5 shadow imps
  An adder zombie (D:5)
  An ooze (D:5)
  An adder skeleton (D:4)
  4 worms
  A dart slug (D:4)
  4 leopard geckos
  12 orcs
  A ball python (D:3)
  4 giant cockroaches
  5 goblins
  5 hobgoblins
  7 quokkas
  9 bats
  12 frilled lizards
  5 kobolds
  A quokka zombie (D:5)
  7 rats
129 creatures vanquished.

Vanquished Creatures (others)
  A withered plant (D:7)
1 creature vanquished.

Grand Total: 130 creatures vanquished

Notes
Turn   | Place    | Note
-------+----------+-------------------------------------------
     0 | D:1      | selver the Merfolk Gladiator began the quest for the Orb.
     0 | D:1      | Reached XP level 1. HP: 16/16 MP: 1/1
    98 | D:1      | Reached skill level 5 in Polearms
   150 | D:1      | Reached XP level 2. HP: 22/22 MP: 2/2
   570 | D:2      | Reached skill level 6 in Polearms
   570 | D:2      | Reached XP level 3. HP: 13/27 MP: 3/3
  1126 | D:2      | Reached XP level 4. HP: 33/33 MP: 4/4
  1137 | D:2      | Reached skill level 7 in Polearms
  1270 | D:2      | Noticed Sigmund
  1274 | D:2      | Noticed Natasha
  1701 | D:2      | Killed Sigmund
  1701 | D:2      | Reached skill level 9 in Polearms
  1701 | D:2      | Reached XP level 5. HP: 26/38 MP: 5/5
  1701 | D:2      | Reached XP level 6. HP: 31/44 MP: 6/6
  1777 | D:2      | Killed Natasha
  1906 | D:2      | Noticed Natasha
  1924 | D:2      | Killed Natasha
  1938 | D:2      | Noticed Natasha
  2050 | D:2      | Killed Natasha
  2050 | D:2      | Reached skill level 10 in Polearms
  2362 | D:2      | Found a runed translucent door.
  2363 | D:2      | Noticed Crazy Yiuf
  3391 | D:4      | Found Maguqoq's Antique Weapon Emporium.
  3514 | D:4      | Reached XP level 7. HP: 50/50 MP: 7/7
  3547 | D:4      | Reached skill level 11 in Polearms
  3733 | D:4      | Found a sparkling altar of Nemelex Xobeh.
  3849 | D:4      | Got a black opal-encrusted ring mail
  3860 | D:4      | Identified the +1 ring mail of the Abyss {Harm rF+ Regen+
                  | Int+2} (You found it on level 4 of the Dungeon)
  4306 | D:5      | Entered Level 5 of the Dungeon
  4454 | D:5      | Reached skill level 12 in Polearms
  4912 | D:6      | Reached XP level 8. HP: 56/56 MP: 8/8
  5013 | D:6      | Found a staircase to the Ecumenical Temple.
  5023 | Temple   | Entered the Ecumenical Temple
  5050 | Temple   | Became a worshipper of Fedhas Madash
  5095 | D:6      | Reached skill level 13 in Polearms
  5525 | D:6      | Reached skill level 14 in Polearms
  5828 | D:7      | Reached XP level 9. HP: 32/69 MP: 9/9
  5829 | D:7      | Reached * piety under Fedhas
  5950 | D:7      | Noticed a hellwing
  6184 | D:6      | Slain by a hellwing

Illustrated notes

Levels and vault maps discovered:
D:1:      sevenhm_arrival_forest_fort_small_4, layout_rooms
D:2:      layout_loops_cross, minmay_lizard_king, uniq_crazy_yiuf_cottage,
          uniq_natasha, uniq_sigmund
D:3:      layout_rooms
D:4:      layout_basic, kennysheep_little_box, serial_shops, nicolae_shop_stone,
          first_ration, patterned_corridor
D:5:      layout_loops_ring, serial_undead, serial_undead_c, serial_undead_a,
          serial_undead_b, serial_undead_d
D:6:      layout_loops_ring, minmay_temple_entry_ruins, serial_rivers,
          chequers_serial_rivers_micro_d, chequers_serial_rivers_large_a,
          chequers_serial_rivers_small_a, chequers_serial_rivers_small_3
D:7:      cheibrodos_grave_circle, layout_loops_ring, serial_shops, shop_statue,
          uniq_joseph
Temple:   nicolae_temple_the_god_donut

Skill      XL: |  1  2  3  4  5  6  7  8  9 |
---------------+----------------------------+-----
Polearms       | 5 6 9 10 12 14 | 14.0
Fighting       | 6 8 |  8.4
Throwing       | |  2.0
Dodging        | |  4.0

Action                   |  1- 3 |  4- 6 |  7- 9 || total
-------------------------+-------+-------+-------++-------
Melee: Trident           |   102 |   176 |   298 ||   576
       Unarmed           |       |    13 |       ||    13
 Fire: Hunting sling     |       |    38 |     3 ||    41
  Use: Scroll            |       |     4 |    10 ||    14
       Potion            |       |     3 |     2 ||     5
 Stab: Sleeping          |       |       |     2 ||     2
  Eat: Chunk             |     1 |     4 |     8 ||    13
       Ration            |       |     1 |       ||     1
Armor: Leather armour    |     9 |       |       ||     9
       Ring mail         |    22 |    47 |    61 ||   130
       Skin              |       |     1 |       ||     1
       Plate armour      |       |       |    38 ||    38
Dodge: Dodged            |    52 |    93 |   106 ||   251
